 Dungeon Crawl Stone Soup version 0.28-a0-691-gad6df49e81 (webtiles) character file.

Game seed: 1101576994319386588

85 voltaire321 the Charlatan (level 4, -2/33 HPs)
             Began as a Demonspawn Artificer on Oct 21, 2021.
             Succumbed to an orc's poison
             ... on level 3 of the Dungeon.
             The game lasted 00:05:11 (2188 turns).

voltaire321 the Charlatan (Demonspawn Artificer)    Turns: 2188, Time: 00:05:12

Health: -2/33      AC:  8    Str: 13    XL:     4   Next: 25%
Magic:  4/4        EV: 11    Int: 12    God:
Gold:   52         SH:  0    Dex: 14    Spells: 3/3 levels left

rFire   . . .      SeeInvis .   p - +0 short sword
rCold   . . .      Faith    .   (no shield)
rNeg    . . .      Spirit   .   l - +0 ring mail
rPois   .          Reflect  .   (no helmet)
rElec   .          Harm     .   k - +0 cloak
rCorr   .          Rampage  .   (no gloves)
Will    .....                   (no boots)
Stlth   +.........              (no amulet)
HPRegen 0.11/turn               (no ring)
MPRegen 0.09/turn               (no ring)

@: lethally poisoned (-2 -> -18)
A: yellow scales 1, spiny 1
a: no special abilities


You were on level 3 of the Dungeon.
You visited 1 branch of the dungeon, and saw 3 of its levels.

You collected 52 gold pieces.

Inventory:

Hand Weapons
 p - a +0 short sword (weapon)
Armour
 k - a +0 cloak (worn)
 l - a +0 ring mail (worn)
Wands
 c - a wand of flame (9) (quivered)
 d - a wand of charming (15)
Scrolls
 b - a scroll of immolation {unknown}
 f - a scroll of enchant weapon {unknown}
 h - 2 scrolls of identify {unknown}
 n - a scroll of blinking {unknown}
 o - 3 scrolls of amnesia {unknown}
Potions
 a - a potion of haste {unknown}
 g - 2 potions of flight {unknown}
 i - a potion of curing {unknown}
 j - a potion of attraction {unknown}
Miscellaneous
 e - a piece from Xom's chessboard (15/15)


   Skills:
 + Level 2.1 Fighting
 + Level 2.6 Armour
 + Level 1.9 Dodging
 - Level 0.8 Stealth
 + Level 3.6 Evocations


You had 3 spell levels left.
You didn't know any spells.
Your spell library contained the following spells:

 Spells                   Type           Power      Damage    Failure   Level
 Blink                    Tloc           N/A        N/A       71%         2
 Sublimation of Blood     Necr           0%         N/A       71%         2
 Wereblood                Tmut           0%         N/A       71%         2
 Lesser Beckoning         Tloc           0%         N/A       90%         3
 Ozocubu's Armour         Ice            0%         N/A       90%         3
 Manifold Assault         Tloc           0%         N/A       100%        5
 Ozocubu's Refrigeration  Ice            0%         4d5       100%        7
 Summon Hydra             Summ           0%         N/A       100%        7


Dungeon Overview and Level Annotations

Branches:
Dungeon (3/15)

Altars:
Xom


Innate Abilities, Weirdness & Mutations

You are partially covered in yellow scales. (AC +2)
You are partially covered in sharp spines.


Message History

You kill the bat!
Found a glowing dark potion.
The ball python closely misses you.
You hit the ball python but do no damage.
The ball python is struck by your spines.
You kill the ball python!
An orc comes into view.
It is wielding a +2 morningstar of venom.
Found a scroll labelled SAJUXK OSTEDO.
Found a viscous blue potion and 12 gold pieces.
You barely miss the orc.
A quokka comes into view.
The orc hits you with a +2 morningstar of venom!
You are poisoned.
You hit the orc.
The orc is lightly wounded.
You feel very sick. The orc closely misses you.
You hit the orc.
The orc is heavily wounded.
You feel sick.
The orc hits you with a +2 morningstar of venom.
You are lethally poisoned!
You feel very sick. The orc closely misses you.
You feel very sick.
* * * LOW HITPOINT WARNING * * *
You feel sick.
* * * LOW HITPOINT WARNING * * *
You feel very sick.
* * * LOW HITPOINT WARNING * * *
You feel sick.
You closely miss the orc.
The orc is heavily wounded.
* * * LOW HITPOINT WARNING * * *
You feel sick. The orc barely misses you. The orc is struck by your spines.
The orc hits you but does no damage.
You are more poisoned.
You barely miss the orc.
The orc is severely wounded.
You die...

### #... #..# ##### #..#
..# #####...# #..## #.$.
...##...# #...##....
##.##...###########.#....?#
................@or.#....#
#..........#######..#...
#..........# #..#.#
#.###....#)# #....# #.#
#....#.# #...## #.#
#....#.# #...# #.# ##.#.#.#
.....[.. #.. ....#.#
...!...####
##...............#


You could see an orc and a quokka.

Vanquished Creatures
  Crazy Yiuf (D:2)
  2 adders (D:2)
  A worm (D:2)
  7 bats
  An endoplasm (D:2)
  A giant cockroach (D:1)
  4 goblins (D:1)
  4 hobgoblins
  A quokka (D:2)
  4 ball pythons
  4 frilled lizards
  A kobold (D:2)
  8 rats
39 creatures vanquished.

Vanquished Creatures (others)
  12 plants (D:2)
12 creatures vanquished.

Grand Total: 51 creatures vanquished

Notes
Turn   | Place    | Note
-------+----------+-------------------------------------------
     0 | D:1      | voltaire321 the Demonspawn Artificer began the quest for
                  | the Orb.
     0 | D:1      | Reached XP level 1. HP: 15/15 MP: 1/1
   110 | D:1      | Reached skill level 1 in Dodging
   425 | D:1      | Gained mutation: You are partially covered in sharp spines.
                  | [demonic ancestry]
   425 | D:1      | Reached XP level 2. HP: 21/21 MP: 2/2
   685 | D:1      | Found a faded altar of an unknown god.
   958 | D:2      | HP: 1/22 [poisoned by an adder]
  1270 | D:2      | Gained mutation: You are partially covered in yellow
                  | scales. (AC +2) [demonic ancestry]
  1270 | D:2      | Reached XP level 3. HP: 27/27 MP: 3/3
  1671 | D:2      | Found a shimmering altar of Xom.
  1745 | D:2      | Found a runed translucent door.
  1746 | D:2      | Noticed Crazy Yiuf
  1755 | D:2      | Killed Crazy Yiuf
  1756 | D:2      | Reached XP level 4. HP: 5/33 MP: 4/4
  2188 | D:3      | Succumbed to an orc's poison

Illustrated notes

Levels and vault maps discovered:
D:1:      dpeg_arrival_subterranean_lakeside_camping, layout_rooms,
          shapermc_ecumenical_altar_venn, corexii_hall_statues_s,
          minmay_tree_intersection
D:2:      layout_basic, basic_altar, serial_bayou_ford_a,
          uniq_crazy_yiuf_cottage
D:3:      minmay_general_purpose_star, layout_loops_ring, minmay_bisected

Skill      XL: |  1  2  3 |
---------------+----------+-----
Dodging        | 1 |  1.9
Armour         | 2 |  2.6
Fighting       | 2 |  2.1
Stealth        | |  0.8
Evocations     | |  3.6

Action                   |  1- 3 |  4- 6 || total
-------------------------+-------+-------++-------
Melee: Club              |    50 |       ||    50
       Dagger            |    32 |       ||    32
       Short sword       |    15 |     7 ||    22
Evoke: Wand              |     6 |       ||     6
Armor: Leather armour    |     7 |       ||     7
       Ring mail         |    27 |     2 ||    29
Dodge: Dodged            |    66 |     4 ||    70

Table legend: (Time is in decaauts)
 A = Elapsed time spent in this place.
 B = Non-inter-level travel time spent in this place.
 C = Inter-level travel time spent in this place.
 D = Time resting spent in this place.
 E = Time spent auto-exploring this place.
 F = Levels seen in this place.
 G = Mean time per level.
                   A        B        C        D        E       F      G
               +--------+--------+--------+--------+--------+-----+--------+
         Total |   2216 |   2112 |    104 |    909 |    809 |   3 |  738.7 |
       Dungeon |   2216 |   2112 |    104 |    909 |    809 |   3 |  738.7 |
               +--------+--------+--------+--------+--------+-----+--------+

Top non-repeatable levels by time:
     D:2: 1303 daAuts
     D:1: 867 daAuts
     D:3: 45 daAuts
